 Dungeon Crawl Stone Soup version 0.28.0-53-g5a82cb258f (webtiles) character file.

Game seed: 998968391188173468

101 NotreDorf the Stinger (level 4, 0/29 (32) HPs)
             Began as a Merfolk Venom Mage on June 12, 2022.
             Succumbed to a kobold brigand's poison
             ... on level 3 of the Dungeon.
             The game lasted 00:21:10 (3188 turns).

NotreDorf the Stinger (Merfolk Venom Mage)          Turns: 3188, Time: 00:21:11

HP:   0/29 (32)     AC:  2    Str:  8    XL:     4   Next: 75%
MP:   5/8           EV: 13    Int: 16    God:
Gold: 97            SH:  0    Dex: 14    Spells: 0/8 levels left

rFire   . . .      SeeInvis .   g - +0 dagger (venom)
rCold   . . .      Faith    .   (no shield)
rNeg    . . .      Spirit   .   a - +0 robe
rPois   .          Reflect  .   (no helmet)
rElec   .          Harm     .   (no cloak)
rCorr   .          Rampage  .   (no gloves)
Will    .....                   (no boots)
Stlth   ++........              (no amulet)
HPRegen 0.09/turn               (no ring)
MPRegen 0.11/turn               (no ring)

@: lethally poisoned (0 -> -3), attractive, flying, very slightly contaminated,
drained, invisible
A: (nimble swimmer 2), mertail
a: no special abilities


You were on level 3 of the Dungeon.
You visited 1 branch of the dungeon, and saw 3 of its levels.

You collected 97 gold pieces.

Inventory:

Hand Weapons
 g - a +0 dagger of venom (weapon)
 o - a +2 dagger of pain
Armour
 a - a +0 robe (worn)
Jewellery
 n - the amulet "Rikap" {RegenMP -Tele Fly rF+++ Will-}
   (You took it off a kobold on level 2 of the Dungeon)

   [amulet of magic regeneration]

   It increases your rate of magic regeneration.
   rF:        It renders you almost immune to fire.
   Fly:       It grants you flight.
   -Tele:     It prevents most forms of teleportation.
   Will:      It decreases your willpower.
Scrolls
 b - 3 scrolls of magic mapping {unknown}
 c - 2 scrolls of enchant armour {unknown}
 d - 2 scrolls of blinking {unknown}
 e - a scroll of immolation {unknown}
 f - 3 scrolls of identify {unknown}
 l - a scroll of enchant weapon {unknown}
 q - a scroll of teleportation {unknown}
Potions
 h - 4 potions of attraction
 k - a potion of mutation {unknown}
 m - a potion of invisibility
 p - a potion of degeneration {unknown}
 r - a potion of cancellation {unknown}


   Skills:
 + Level 1.3 Fighting
 + Level 3.9 Dodging
 - Level 2.6 Stealth
 + Level 2.7 Spellcasting
 - Level 2.1 Transmutations
 + Level 4.0 Poison Magic


You couldn't memorise any spells.
You knew the following spells:

 Your Spells              Type           Power      Damage    Failure   Level
a - Sting                 Tmut/Pois      48%        1d5       5%          1
b - Blink                 Tloc           4%         N/A       28%         2
c - Mephitic Cloud        Conj/Pois/Air  6%         N/A       32%         3
d - Poisonous Vapours     Pois/Air       16%        N/A       13%         2

Your spell library contained the following spells:

 Spells                   Type           Power      Damage    Failure   Level
 Olgreb's Toxic Radiance  Pois           15%        N/A       36%         4
 Gell's Gravitas          Tloc           2%         N/A       50%         3
 Lesser Beckoning         Tloc           2%         N/A       50%         3
 Teleport Other           Tloc           2%         N/A       50%         3
 Manifold Assault         Tloc           2%         N/A       99%         5
 Storm Form               Tmut/Air       2%         N/A       100%        7


Dungeon Overview and Level Annotations

Branches:
Dungeon (3/15)

Altars:

Shops:
D:2 [


Innate Abilities, Weirdness & Mutations

((You are very nimble when in or above water. (Stealth+, EV+, Speed+++)))
Your lower body shifts to a powerful aquatic tail in water.


Message History

It was a potion of attraction.
You feel attractive to monsters.
* * * LOW HITPOINT WARNING * * *
You feel sick.
It was a potion of invisibility.
You fade into invisibility!
* * * LOW HITPOINT WARNING * * *
You feel sick.
It was a potion of heal wounds.
You feel much better.
You feel sick.
The kobold brigand is attracted toward you.
It was a potion of flight.
You feel very buoyant.
You fly up into the air.
You feel sick.
The kobold brigand hits you with a +2 dagger of draining!
* * * LOW HITPOINT WARNING * * *
You feel drained.
* * * LOW HITPOINT WARNING * * *
You feel sick.
You are no longer poisoned.
The kobold brigand throws a poisoned dart.
The poisoned dart hits you!
You are lethally poisoned!
The kobold brigand is attracted toward you.
* * * LOW HITPOINT WARNING * * *
You feel sick.
The kobold brigand is attracted toward you.
* * * LOW HITPOINT WARNING * * *
You feel sick.
The kobold brigand is attracted toward you.
* * * LOW HITPOINT WARNING * * *
You feel sick.
The kobold brigand is attracted toward you.
Okay, then.
Casting: Sting (safe; 5% risk of failure)
Confirm with . or Enter, or press ? or * to list all spells.
The spell is quite dangerous to miscast (28% risk of failure)!
Continue anyway?
You miscast Blink.
You are very lightly contaminated with residual magic.
Nothing appears to happen.
You die...

#.# ...# #..≈≈≈# ##
#.# ##...#
#..#≈≈#..# ..#
.....# #....≈#..#
..# ..... #....≈#..#
.## #...####..#.##..
# ##
#...#.......#..# ≈#
#...'...)####.. ≈≈#
#...#..)## #..##≈≈##
#...#..@# #..#≈≈≈≈#
#)###.K.# #.)#≈≈≈≈#
#.###...####.)#≈≈≈≈#
#....§.§..##.K##≈≈##
#.........###).#≈≈#
##)..)....###..# ##
#......))))#..#
#........#.)..#
###########.).#


You could see a kobold brigand (wandering).

Vanquished Creatures
  2 adders (D:2)
  A dart slug (D:1)
  5 orcs
  5 ball pythons
  8 endoplasms
  3 giant cockroaches
  5 goblins
  7 hobgoblins
  3 jackals (D:2)
  14 kobolds
  2 quokkas
  5 bats
  4 frilled lizards
  5 rats
69 creatures vanquished.

Vanquished Creatures (others)
  17 plants (D:1)
17 creatures vanquished.

Grand Total: 86 creatures vanquished

Notes
Turn   | Place    | Note
-------+----------+-------------------------------------------
     0 | D:1      | NotreDorf the Merfolk Venom Mage began the quest for the
                  | Orb.
     0 | D:1      | Reached XP level 1. HP: 13/13 MP: 3/3
   322 | D:1      | Reached XP level 2. HP: 19/19 MP: 3/5
   539 | D:1      | Learned a level 2 spell: Blink
   671 | D:1      | Found a faded altar of an unknown god.
   865 | D:1      | Reached XP level 3. HP: 24/24 MP: 3/6
  1187 | D:1      | Learned a level 3 spell: Mephitic Cloud
  1273 | D:2      | Found Uhakhl Oniac's Antique Armour Emporium.
  2071 | D:2      | Reached skill level 1 in Fighting
  2071 | D:2      | Reached XP level 4. HP: 32/32 MP: 5/7
  2074 | D:2      | Learned a level 2 spell: Poisonous Vapours
  2211 | D:2      | Identified the amulet "Rikap" {RegenMP -Tele Fly rF+++
                  | Will-}
  2962 | D:3      | Reached skill level 4 in Poison Magic
  3161 | D:3      | Noticed a kobold brigand
  3181 | D:3      | HP: 1/30 [poisoned by a kobold brigand]
  3187 | D:3      | HP: 1/29 [poisoned by a kobold brigand]
  3188 | D:3      | Succumbed to a kobold brigand's poison

Illustrated notes

Levels and vault maps discovered:
D:1:      minmay_arrival_stair_chambers, layout_basic,
          hellmonk_ecumenical_altar_lost_god, kennysheep_boxes
D:2:      layout_loops_ring, serial_shops, shop, solitary_fountain,
          minmay_randomly_rotated_circles
D:3:      cheibrodos_thug_alley, layout_basic, mainiacjoe_overflow_alcove_4

Skill      XL: |  1  2  3  4 |
---------------+-------------+-----
Dodging        | 3 |  3.9
Transmutations | 2 |  2.1
Fighting       | 1 |  1.3
Poison Magic   | 4 |  4.0
Stealth        | |  2.6
Spellcasting   | |  2.7

Action                   |  1- 3 |  4- 6 || total
-------------------------+-------+-------++-------
Melee: Unarmed           |    11 |       ||    11
       Short sword       |     6 |       ||     6
       Dagger            |    25 |    31 ||    56
 Cast: Sting             |    59 |    39 ||    98
  Use: Potion            |       |     4 ||     4
 Stab: Sleeping          |       |     1 ||     1
Armor: Robe              |     8 |     5 ||    13
Dodge: Dodged            |    38 |    21 ||    59
